 Dungeon Crawl Stone Soup version 0.22-a0-512-g0943f25562 (webtiles) character file.

53 M4edhros the Grave Robber (level 3, 0/21 HPs)
             Began as an Octopode Necromancer on June 18, 2018.
             Slain by a bullfrog skeleton (4 damage)
             ... on level 4 of the Dungeon.
             The game lasted 00:03:00 (683 turns).

M4edhros the Grave Robber (Octopode Necromancer)     Turns: 683, Time: 00:03:00

Health: 0/21       AC:  1    Str: 12    XL:     3   Next: 87%
Magic:  6/6        EV: 13    Int: 17    God:
Gold:   33         SH:  0    Dex: 13    Spells: 1/6 levels left

rFire    . . .     SeeInvis .   e - -2 mace (curse)
rCold    . . .     Gourm    .   (no shield)
rNeg     . . .     Faith    .   (helmet restricted)
rPois    .         Spirit   .   (no amulet)
rElec    .         Reflect  .   (no ring)
rCorr    .         Harm     .   (no ring)
MR       .....                  (no ring)
Stlth    +++.......             (no ring)
HPRegen  0.07/turn              (no ring)
MPRegen  0.10/turn              (no ring)
                                (no ring)
                                (no ring)

@: mighty
A: almost no armour, stealthy swim, amphibious, 8 rings, constrict 8, camouflage
1, gelatinous body 1
a: no special abilities


You were on level 4 of the Dungeon.
You were not hungry.

You visited 1 branch of the dungeon, and saw 4 of its levels.

You collected 33 gold pieces.

Inventory:

Hand Weapons
 c - a +3 mace
 e - a cursed -2 mace (weapon)
Magical Staves
 f - an uncursed staff of death {unknown}
Scrolls
 g - a scroll of identify {unknown}
Comestibles
 b - 2 rations


   Skills:
 - Level 2.0 Dodging
 - Level 2.6 Stealth
 + Level 3.3 Unarmed Combat
 - Level 2.0 Spellcasting
 - Level 4.0 Necromancy


You had one spell level left.
You knew the following spells:

 Your Spells              Type           Power        Failure   Level  Hunger
a - Pain                  Necr           ###.         3%          1    #......
b - Animate Skeleton      Necr           N/A          3%          1    #......
c - Regeneration          Chrm/Necr      #.........   26%         3    ###....

Your spell library contained the following spells:

 Spells                   Type           Power        Failure   Level  Hunger
 Animate Dead             Necr           N/A          36%         4    #####..
 Vampiric Draining        Necr           ###.......   11%         3    ###....


Dungeon Overview and Level Annotations

Branches:
Dungeon (4/15)
 Temple: D:4-7

Altars:

Annotations:
D:3 1 runed door, hexalxvi's ghost, amateur GnWn


Innate Abilities, Weirdness & Mutations

You cannot wear most types of armour.
You are very stealthy in the water. (Stealth+)
You are amphibious.
You can wear up to eight rings at the same time.
You can use your tentacles to constrict eight enemies at once.
Your skin changes colour to match your surroundings (Stealth+).
Your rubbery body absorbs attacks. (AC +1, EV +1)


Message History

Your Unarmed Combat skill increases to level 3!
The adder barely misses you.
You closely miss the adder. Your grab misses the adder.
Your squeeze misses the adder.
You feel sick. The adder barely misses you. The adder bites you.
You closely miss the adder. Your grab misses the adder.
The adder barely misses you. The adder completely misses you.
You hit the adder but do no damage. You grab the adder.
You constrict the adder. The adder barely misses you. The adder misses you.
You completely miss the adder.
You kill the adder!
You feel sick. The bullfrog skeleton hits you.
* * * LOW HITPOINT WARNING * * *
You feel better.
The bullfrog skeleton closely misses you.
You barely miss the bullfrog skeleton. You grab the bullfrog skeleton.
You constrict the bullfrog skeleton. The bullfrog skeleton hits you.
* * * LOW HITPOINT WARNING * * *
The bullfrog skeleton hits you.
You die...

#. #.# #. #.# #.##
####.# %.# ..##.# ..#
#.##.# #.# #.##.# #Z#
#.##.# #####@#####?
#.##.# #............
#.##.#######.###.......#
..........##.# ###......
#.#######....# ...###
#.# ###### #.## #.. .#
#### .#


You could see a bullfrog skeleton.

Vanquished Creatures
  2 adders (D:4)
  An ooze (D:1)
  A dart slug (D:1)
  3 leopard geckos (D:1)
  2 orcs (D:3)
  2 giant cockroaches (D:1)
  3 goblins
  4 hobgoblins
  2 bats (D:1)
  2 frilled lizards (D:1)
  2 kobolds (D:1)
24 creatures vanquished.

Notes
Turn   | Place    | Note
-------+----------+-------------------------------------------
     0 | D:1      | M4edhros the Octopode Necromancer began the quest for the Orb.
     0 | D:1      | Reached XP level 1. HP: 11/11 MP: 3/3
    35 | D:1      | Reached skill level 1 in Unarmed Combat
    72 | D:1      | Reached XP level 2. HP: 6/17 MP: 5/5
   234 | D:1      | Learned a level 1 spell: Animate Skeleton
   323 | D:1      | Reached XP level 3. HP: 6/21 MP: 6/6
   328 | D:1      | Learned a level 3 spell: Regeneration
   589 | D:3      | Found a runed door.
   590 | D:3      | Noticed hexalxvi's ghost (amateur GnWn)
   683 | D:4      | Slain by a bullfrog skeleton

Vault maps used:
D:1:      shiori_shiawase, dk_noncrumbling_2, minmay_tromino_v4_a
D:2:      nicolae_gozag_seed_capital
D:3:      gammafunk_ghost_grave, uniq_terence, uniq_sigmund
D:4:      minmay_temple_entry_from_below_a, first_ration

Skill      XL: |  1  2  3 |
---------------+----------+-----
Unarmed Combat | 1 2 3 |  3.3
Dodging        | |  2.0
Stealth        | |  2.6
Spellcasting   | |  2.0
Necromancy     | |  4.0

Action                   || total
-------------------------++-------
Melee: Unarmed           ||    44
       Constrict         ||    17
       Tentacles         ||    12
       Mace              ||    28
 Cast: Pain              ||     6
       Regeneration      ||     2
  Use: Potion            ||     4
       Scroll            ||     2
 Stab: Sleeping          ||     7
Armor: Skin              ||     4
Dodge: Dodged            ||    53

Table legend:
 A = Spawn XP
 B = Non-spawn XP
 C = Spawn XP percentage of total XP
 D = Spawn monster count
 E = Non-spawn monster count
 F = Spawn count percentage of total count
 G = Total turns spent on level
                    A         B        C        D         E        F      G
               +---------+---------+-------+---------+---------+-------+---------
         Total |       0 |      76 |   0.0 |       0 |      24 |   0.0 |   683
               +---------+---------+-------+---------+---------+-------+---------
           D:1 |       0 |      40 |   0.0 |       0 |      18 |   0.0 |   396
           D:2 |       0 |       2 |   0.0 |       0 |       1 |   0.0 |    70
           D:3 |       0 |       8 |   0.0 |       0 |       3 |   0.0 |   140
           D:4 |       0 |      26 |   0.0 |       0 |       2 |   0.0 |    77
               +---------+---------+-------+---------+---------+-------+---------
